[Event "Late-Titled-Tuesday-Blitz-March-26-2024"]
[Site "Chess.com"]
[Date "2024.03.26"]
[Round "6"]
[White "TheCount"]
[Black "Gravity_Chess"]
[Result "1/2-1/2"]
[WhiteElo "2664"]
[BlackElo "2829"]
[TimeControl "180+1"]
[EndTime "15:08:11 PDT"]
[Termination "Game drawn - insufficient material"]

1. d4 Nf6 2. c4 g6 3. Nc3 Bg7 4. e4 d6 5. Be2 Nc6 6. d5 Nb8 7. Bg5 h6 8. Bh4 Nbd7 9. f4 O-O 10. Nf3 Nc5 11. Qc2 c6 12. h3 cxd5 13. cxd5 Nfxe4 14.
Nxe4 Bf5 15. Bd3 Rc8 16. Nxc5 Rxc5 17. Qb3 Qa5+ 18. Kf2 Bxd3 19. Qxd3 Rxd5 20. Qe3 e5 21. fxe5 dxe5 22. Rhd1 Rxd1 23. Rxd1 Qxa2 24. Be7 Re8 25.
Ba3 a6 26. Qe4 b5 27. g4 Bf8 28. Bxf8 Kxf8 29. Rd2 Qe6 30. Re2 Kg7 31. Qxe5+ Qxe5 32. Rxe5 Rc8 33. Nd4 Rc4 34. Rd5 Rb4 35. b3 a5 36. Ke3 a4 37. Rxb5 Rxb5 38. Nxb5 axb3 39. Kd3 b2 40. Kc2 Kf6 41. Nd6 Ke6 42. Nc4 Kd5 43. Nxb2 Ke4 44. Nd3 f6 45. Kd2 Kf3 46.
Ke1 Kg3 47. Nf2 f5 48. gxf5 gxf5 49. Ke2 f4 50. Kf1 h5 51. Kg1 f3 52. Kf1 Kh2 53.
h4 Kg3 54. Ne4+ Kf4 55. Nf6 Kg3 56. Nxh5+ Kxh4 57. Nf6 Kg3 58. Nd5 Kg4 59. Ne3+ Kf4 60. Nd1 Ke4 61. Nf2+ Kf4 62. Nh1 Ke3 63. Ke1 f2+ 64.
Nxf2 1/2-1/2

[Event "Late-Titled-Tuesday-Blitz-March-26-2024"]
[Site "Chess.com"]
[Date "2024.03.26"]
[Round "6"]
[White "hansen"]
[Black "KaydenTroffChess"]
[Result "1/2-1/2"]
[WhiteElo "2970"]
[BlackElo "2863"]
[TimeControl "180+1"]
[EndTime "15:08:12 PDT"]
[Termination "Game drawn by repetition"]

1. Nf3 Nf6 2. g3 g6 3. Bg2 Bg7 4. O-O O-O 5. c4 c6 6. d4 d5 7. Qb3 Nbd7 8. cxd5 cxd5 9. Nc3 Nb6 10. a4 Ne4 11. a5 Nxc3 12. bxc3 Nc4 13. a6 bxa6 14. Nd2 Nb6 15. Ba3 Rb8 16. Bb4 Re8 17. e3 Bf5 18.
Rfc1 Bd3 19. Qa2 e5 20. Ba5 e4 21. Bf1 Bxf1 22. Kxf1 h5 23. Bb4 h4 24. Qxa6 Qd7 25. Kg1 Bh6 26. Qxa7 Qg4 27. Bd6 Rbd8 28. Qxb6 Qe2 29.
gxh4 Qxd2 30. Bg3 Qe2 31. Qa6 Qf3 32. Qf1 Rc8 33. c4 dxc4 34. Rxc4 Rxc4 35. Qxc4 Bxe3 36. fxe3 Qxe3+ 37. Kg2 Qf3+ 38. Kg1 Qe3+ 39. Bf2 Qf3 40. Qa4 Rc8 41. Qa6 Re8 42. Qc6 Re6 43. Qa8+ Kh7 44. Re1 Qg4+ 45. Bg3 Qf3 46. Qd5 Rf6 47. Qxe4 Qc3 48.
Qe5 Rf5 49. Qe4 Qc4 50. Kg2 Rf6 51. Kh3 Re6 52. Qg4 Rxe1 53. Bxe1 Qd3+ 54. Qg3 Qf1+ 55. Qg2 Qd3+ 56. Qg3 Qf1+ 57. Qg2 Qd3+ 58. Qg3 1/2-1/2

[Event "Late-Titled-Tuesday-Blitz-March-26-2024"]
[Site "Chess.com"]
[Date "2024.03.26"]
[Round "6"]
[White "ExtremeLearner"]
[Black "only_strong_moves"]
[Result "0-1"]
[WhiteElo "2545"]
[BlackElo "2689"]
[TimeControl "180+1"]
[EndTime "15:08:12 PDT"]
[Termination "only_strong_moves won by checkmate"]

1. Nf3 Nf6 2. d4 e6 3. c4 d5 4. g3 Be7 5. Bg2 O-O 6. O-O dxc4 7. Qc2 a6 8. a4 Bd7 9. Rd1 Bc6 10.
Nc3 Bxf3 11. Bxf3 c6 12. Ne4 Nd5 13. Qxc4 Nd7 14. a5 Rc8 15. Nc5 Bxc5 16. dxc5 Ne5 17.
Qc2 Nxf3+ 18. exf3 Qf6 19. Kg2 Rfd8 20. Bd2 h6 21. Rac1 Rd7 22. Bc3 Qe7 23. Be5 Rcd8 24. Bd6 Qf6 25. Qe2 Qg6 26. Rc4 Re8 27. Rg4 Qh7 28.
Be5 f6 29. Bd6 h5 30. Re4 Qf5 31. g4 Qg6 32. Rxe6 Rxe6 33. Qxe6+ Rf7 34. Rd4 h4 35.
Re4 Kh7 36. Kh3 f5 37. Qxg6+ Kxg6 38. gxf5+ Rxf5 39. Rg4+ Kf6 40. Kg2 g5 41. Re4 Kf7 42. b3 Rf6 43. Rc4 Re6 44. Re4 Kf6 45. Rg4 Re2 46.
f4 gxf4 47. Bxf4 Kf5 48. Rxh4 Nxf4+ 49. Kf3 Re4 50. Rh8 Rb4 51. Rb8 Rxb3# 0-1

[Event "Late-Titled-Tuesday-Blitz-March-26-2024"]
[Site "Chess.com"]
[Date "2024.03.26"]
[Round "6"]
[White "BallottiLuca"]
[Black "prochn"]
[Result "0-1"]
[WhiteElo "2346"]
[BlackElo "2510"]
[TimeControl "180+1"]
[EndTime "15:08:12 PDT"]
[Termination "prochn won by resignation"]

1. d4 d5 2. c4 c6 3. Nc3 Nf6 4. e3 Bf5 5. cxd5 cxd5 6. Qb3 Nc6 7. Qxb7 Bd7 8. Qb3 Rb8 9. Qd1 e5 10. dxe5 Nxe5 11. Be2 Bd6 12. Nf3 O-O 13. O-O Re8 14. Nd4 Ne4 15. Qc2 Ng4 16. Bxg4 Bxg4 17. f3 Qh4 18. g3 Bxg3 19. hxg3 Nxg3 20. Qg2 Bh3 21. Qh2 Nxf1 22. Qf2 Qg5+ 23. Kh1 Nxe3 24. Bxe3 Qxe3 25. Qxe3 Rxe3 26. Kh2 Be6 27. Nb3 Rxf3 28. Rd1 Rf2+ 29. Kg3 Rxb2 30. Nd4 R2b4 31. Nc6 Rg4+ 32. Kf3 Rd8 33. Nxd8 Rc4 34. Ne2 Bg4+ 35. Ke3 Re4+ 36. Kf2 Rxe2+ 37. Kf1 Re5 38. Rd4 Be6 39. Nc6 Re3 40. Rb4 h5 41. Rb8+ Kh7 42. Rb7 h4 43. Rxa7 h3 44. Ra4 g5 45. Rd4 Rg3 46. Kf2 Rg2+ 47. Kf3 Rxa2 48. Ne5 h2 49. Rd1 d4 50.
Ng4 Bd5+ 51. Kg3 h1=Q 52. Rxh1+ Bxh1 53. Nf6+ Kg6 54. Ne4 Bxe4 0-1

[Event "Late-Titled-Tuesday-Blitz-March-26-2024"]
[Site "Chess.com"]
[Date "2024.03.26"]
[Round "6"]
[White "financieru"]
[Black "newauto"]
[Result "1-0"]
[WhiteElo "2409"]
[BlackElo "2211"]
[TimeControl "180+1"]
[EndTime "15:08:12 PDT"]
[Termination "financieru won on time"]

1. d4 c6 2. c4 d5 3. Nc3 Nf6 4. Nf3 dxc4 5. a4 Bf5 6. Ne5 Nbd7 7. Nxc4 Nb6 8. Ne5 Nfd7 9. Nf3 e6 10. Bf4 Bb4 11. e3 a5 12. Be2 O-O 13. O-O h6 14. h3 Bg6 15. Ne5 Nxe5 16. Bxe5 Nd5 17. Rc1 Bd6 18. Bxd6 Qxd6 19. Nxd5 exd5 20. Qb3 Qe7 21.
Qc3 f5 22. Bd3 Bh7 23. g3 g5 24. Kh2 Kh8 25. Rb1 f4 26. gxf4 gxf4 27. Bxh7 fxe3 28. Bd3 exf2 29. Qd2 Qd6+ 30. Kh1 Qf6 31. Rxf2 Qh4 32. Rh2 Rf3 33. Bf1 Rg8 34. Bg2 Rf2 35. Qe3 Rf6 36.
Rf1 Rfg6 37. Qe5+ Kh7 38. Rg1 R8g7 39. Qe2 Rg3 40. Rf1 Qg5 41. Qc2+ Kg8 42. Rg1 h5 43. Qf2 h4 44. Rf1 Qg6 45. Qf8+ Kh7 46. Qf5 Qxf5 47.
Rxf5 Rb3 48. Rh5+ Kg6 49. Bf1 Kxh5 50. Rf2 1-0

[Event "Late-Titled-Tuesday-Blitz-March-26-2024"]
[Site "Chess.com"]
[Date "2024.03.26"]
[Round "6"]
[White "GelmanAlexander"]
[Black "DishonorOnYourCow"]
[Result "1-0"]
[WhiteElo "2681"]
[BlackElo "2538"]
[TimeControl "180+1"]
[EndTime "15:08:13 PDT"]
[Termination "GelmanAlexander won on time"]

1. c4 e5 2. e3 Nc6 3. a3 Nf6 4. d3 d5 5. cxd5 Nxd5 6. Nf3 Be7 7. b4 a6 8. Bb2 f6 9. Nbd2 O-O 10. Rc1 Be6 11. h4 Qd7 12. h5 Rad8 13. Be2 Bd6 14. h6 g6 15. Ne4 Nde7 16. Qc2 Bf5 17. Nfd2 Kh8 18. Rg1 Ng8 19. g4 Bxe4 20. Nxe4 Nxh6 21.
g5 fxg5 22. Rxg5 Nf7 23. Rg1 Qe6 24. Bg4 Qe7 25. Qe2 Nh6 26. Bh3 Nf5 27. Qg4 Nh4 28. Rg3 Nf5 29. Rg1 Qh4 30. Ke2 Qxg4+ 31. Bxg4 Nce7 32.
f4 Nc6 33. Rxc6 bxc6 34. fxe5 Be7 35. e6+ Kg8 36. Bh5 Nd6 37. Bxg6 hxg6 38. Rxg6+ Kh7 39. Rg7+ Kh6 40. Rxe7 Nxe4 41. Bg7+ Kg6 42. Bxf8 Nc3+ 43. Kd2 Nd5 44. Rg7+ Kf6 45. e7 Re8 46. Rh7 Ke6 47.
e4 Nf6 48. Rh6 Kf7 49. Kc3 Nd7 50. Rxc6 Nxf8 51.
exf8=Q+ Kxf8 52. Rxc7 Re6 53. Kd4 Rh6 54. Rc5 Ke8 55. e5 Kd8 56. Kd5 Rh3 57. Rc3 Kd7 58.
Kc4 Ke6 59. d4 Rh1 60. Kc5 Rd1 61. Rc4 Rd3 62. a4 Ra3 63. a5 Rd3 64. Kb6 1-0

[Event "Late-Titled-Tuesday-Blitz-March-26-2024"]
[Site "Chess.com"]
[Date "2024.03.26"]
[Round "6"]
[White "maximnovik"]
[Black "GMMikhailKazakov"]
[Result "0-1"]
[WhiteElo "2574"]
[BlackElo "2492"]
[TimeControl "180+1"]
[EndTime "15:08:14 PDT"]
[Termination "GMMikhailKazakov won on time"]

1. e4 d6 2. d4 Nf6 3. Bd3 g6 4. Nf3 Bg7 5. c3 O-O 6. O-O Nc6 7. Re1 e5 8. h3 Re8 9. Nbd2 Nh5 10. dxe5 dxe5 11. Bb5 Bd7 12. Nf1 a6 13. Ba4 b5 14.
Bb3 Na5 15. Bc2 Bc6 16. b3 Qxd1 17. Rxd1 Rad8 18. Be3 Nf4 19. Ng3 Nb7 20. Kf1 f6 21. a4 bxa4 22. bxa4 Bf8 23. Bxf4 Rxd1+ 24. Rxd1 exf4 25.
Ne2 Bd6 26. Nd2 Nc5 27. Nc4 Be5 28. Nd4 Bxa4 29. Bxa4 Nxa4 30. Rd3 Nxc3 31. Rxc3 Bxd4 32. Ra3 Ra8 33. Ke2 Kf7 34. Na5 Bb6 35. Nc4 Ke6 36. Kf3 g5 37. h4 h6 38. Kg4 a5 39.
Kh5 gxh4 40. Kxh4 f5 41. f3 fxe4 42. fxe4 a4 43. Kg4 Bc5 44. Ra2 a3 45. Kxf4 Ra4 46.
Nd2 Bd6+ 47. Ke3 Bc5+ 48. Kd3 Rd4+ 49. Kc3 Rd8 50. Nf3 Rg8 51. Kc4 Be7 52. Nd4+ Kd7 53. e5 Rg4 0-1

[Event "Late-Titled-Tuesday-Blitz-March-26-2024"]
[Site "Chess.com"]
[Date "2024.03.26"]
[Round "6"]
[White "Der_Balak_3Halak"]
[Black "mightysmasher"]
[Result "1/2-1/2"]
[WhiteElo "2421"]
[BlackElo "2591"]
[TimeControl "180+1"]
[EndTime "15:08:15 PDT"]
[Termination "Game drawn - insufficient material"]

1. e4 e6 2. d4 d5 3. exd5 exd5 4. Bd3 Bd6 5. Ne2 Nf6 6. f3 O-O 7. O-O c6 8. Bf4 Qc7 9. Bxd6 Qxd6 10. Qd2 b6 11. Qf4 Qxf4 12. Nxf4 Bb7 13. Nd2 c5 14. c3 Nc6 15. dxc5 bxc5 16. Rad1 Rad8 17. Rfe1 Rfe8 18. Kf2 Ne5 19. Bc2 d4 20. Ba4 Re7 21. Nc4 Nc6 22. Rxe7 Nxe7 23. Na5 Ba6 24. Nb3 Bc4 25.
Nxc5 g5 26. Nh3 g4 27. Nf4 Rc8 28. cxd4 Bxa2 29. b3 gxf3 30. Ra1 Nf5 31. Rxa2 Nxd4 32. b4 Ng4+ 33. Kg3 f2 34. Ra1 h5 35. Bd7 Rb8 36. Bxg4 hxg4 37. Kxf2 Rxb4 38. Rxa7 Rb2+ 39. Kg3 f5 40.
Ncd3 Rd2 41. h3 gxh3 42. gxh3 Nc2 43. Ra5 Ne3 44. Kf3 Nf1 45. Rxf5 Ra2 46. h4 Nd2+ 47. Kg4 Nc4 48. Ne5 Ne3+ 49. Kg5 Nxf5 50. Kxf5 Ra5 51. h5 Kg7 52. Nd3 Kh6 53. Kg4 Ra4+ 54. Nf4 Rxf4+ 55. Kg3 Kxh5 56. Kxf4 1/2-1/2

[Event "Late-Titled-Tuesday-Blitz-March-26-2024"]
[Site "Chess.com"]
[Date "2024.03.26"]
[Round "6"]
[White "varunkrishnanchess"]
[Black "mishanick"]
[Result "0-1"]
[WhiteElo "2629"]
[BlackElo "3038"]
[TimeControl "180+1"]
[EndTime "15:08:16 PDT"]
[Termination "mishanick won by checkmate"]

1. e4 c5 2. Nf3 e6 3. d4 cxd4 4.
Nxd4 Nf6 5. Nc3 Nc6 6. Ndb5 d6 7. Bf4 e5 8. Bg5 a6 9. Na3 b5 10. Bxf6 gxf6 11. Nd5 Bg7 12. c3 O-O 13. Bd3 Ne7 14.
Nxe7+ Qxe7 15. Nc2 f5 16. Qh5 d5 17. exf5 e4 18.
Be2 Bb7 19. O-O Kh8 20. Rad1 Rad8 21. Ne3 Rd6 22. Ng4 Rg8 23. Rfe1 Be5 24. f6 Bxf6 25.
Nh6 Rg6 26. Nf5 Qe5 27. Nxd6 Qxd6 28. Bg4 Qf4 29. h3 Be5 30. g3 Qf6 31. Qf5 Qe7 32.
Qd7 Qxd7 33. Bxd7 h5 34. h4 Kg7 35. a4 Rd6 36. Bh3 bxa4 37. Ra1 Rb6 38. Re2 Bc6 39. Rd2 Kg6 40. Bf1 f5 41. Be2 f4 42. gxf4 Bxf4 43. Rc2 Kh6 44. Bd1 Bb5 45. f3 Be3+ 46. Kh1 Bd3 47.
fxe4 Bxe4+ 48. Kh2 Bxc2 49. Bxc2 Rxb2 50. Rxa4 Rxc2+ 51. Kh3 Rxc3 52. Rxa6+ Kg7 53. Kg2 Bf4 54. Kf2 Kf7 55. Ke2 Rc4 56. Ra7+ Kf6 57. Ra6+ Kf5 58.
Kf3 Rc3+ 59. Kf2 Ke4 60. Ra4+ d4 61. Ra8 Rc2+ 62. Kf1 Kf3 63. Ke1 Rc1# 0-1

[Event "Late-Titled-Tuesday-Blitz-March-26-2024"]
[Site "Chess.com"]
[Date "2024.03.26"]
[Round "6"]
[White "zverr1"]
[Black "Zampronha1971"]
[Result "1/2-1/2"]
[WhiteElo "2556"]
[BlackElo "2386"]
[TimeControl "180+1"]
[EndTime "15:08:19 PDT"]
[Termination "Game drawn by repetition"]

1. e4 c5 2. Nf3 e6 3. b3 d5 4.
exd5 exd5 5. Bb5+ Nc6 6. O-O Nf6 7.
Re1+ Be7 8. Qe2 Be6 9. Ng5 Bf5 10. d3 Rc8 11. Bb2 d4 12. Nd2 Rc7 13. Nc4 O-O 14. Bxc6 bxc6 15. h3 Nd5 16. Ne4 Nb6 17.
Qf3 Nxc4 18. bxc4 Bxe4 19. Qxe4 Bd6 20. Ba3 Qd7 21. Qf3 Rcc8 22. Qh5 g6 23. Qf3 Rfe8 24. Rad1 Rxe1+ 25. Rxe1 Re8 26. Re4 Rxe4 27. Qxe4 Qe7 28.
Qxe7 Bxe7 29. Kf1 f5 30. Ke2 Kf7 31. Kd2 Ke6 32. c3 dxc3+ 33. Kxc3 Bf6+ 34. Kd2 Bd4 35. f3 Ke5 36. Ke2 Kf4 37. Bc1+ Kg3 38. Kf1 f4 39. Bd2 g5 40. Be1+ Kh2 41. Ba5 Kg3 42. Bd8 h6 43. Be7 Be3 44. Bf6 Bd4 45. Be7 Be3 46. Bd8 a6 47. Be7 Bd4 48. Bf8 h5 49. Be7 g4 50. fxg4 hxg4 51. hxg4 Kxg4 52. Bd8 f3 53. Ba5 Kf4 54. Bd2+ Kg3 55. Be1+ Kf4 56. Bd2+ Kg3 57.
Be1+ Kf4 58. Bd2+ 1/2-1/2

[Event "Late-Titled-Tuesday-Blitz-March-26-2024"]
[Site "Chess.com"]
[Date "2024.03.26"]
[Round "6"]
[White "KuzubovYuriy"]
[Black "Andrey_Klymchuk"]
[Result "0-1"]
[WhiteElo "2912"]
[BlackElo "2717"]
[TimeControl "180+1"]
[EndTime "15:08:20 PDT"]
[Termination "Andrey_Klymchuk won by resignation"]

1. d4 Nf6 2. c4 c5 3. Nf3 cxd4 4. Nxd4 Nc6 5. Nc3 g6 6. e4 d6 7.
f3 Nxd4 8. Qxd4 Bg7 9. Be3 O-O 10.
Qd2 Be6 11. Rc1 Qa5 12. Bd3 Rfc8 13. b3 a6 14. Na4 Qxd2+ 15. Kxd2 Nd7 16. g4 Rab8 17. Nc3 Ne5 18. Be2 f5 19. gxf5 gxf5 20. f4 Nd7 21. Rhg1 Kf7 22. Bd3 Nc5 23. exf5 Bd7 24.
Bb1 Bc6 25. b4 Bxc3+ 26. Kxc3 Ne4+ 27. Kd4 Nf6 28. Rg5 b5 29. Bd3 Bd7 30. c5 dxc5+ 31.
Rxc5 Rxc5 32. bxc5 Rd8 33. Kc3 h6 34. Rg1 Nd5+ 35.
Kd2 Nb4 36. Bd4 Nxd3 37. Kxd3 Bxf5+ 38. Ke3 Rc8 39. Rc1 Ke6 40. c6 Kd6 41. Be5+ Kd5 42. c7 b4 43. Rd1+ Kc4 44. Rd4+ Kb5 45. Rd5+ Ka4 46.
Kd2 Be6 47. Rd8 a5 48. Kc2 Ka3 49. Kb1 Bxa2+ 50. Ka1 Be6 51. Rd3+ Ka4 52. Kb2 Kb5 53. Re3 a4 54. f5 a3+ 55. Ka1 Bxf5 56. Bf4 Ka4 57.
Re5 e6 58. Rc5 b3 59. Be5 Kb4 60. Rc6 b2+ 61. Bxb2 axb2+ 62. Kxb2 Kb5 63. Rc3 Kb6 0-1

[Event "Late-Titled-Tuesday-Blitz-March-26-2024"]
[Site "Chess.com"]
[Date "2024.03.26"]
[Round "6"]
[White "CFalcons8"]
[Black "xakevicius91"]
[Result "0-1"]
[WhiteElo "2400"]
[BlackElo "2539"]
[TimeControl "180+1"]
[EndTime "15:08:20 PDT"]
[Termination "xakevicius91 won by resignation"]

1. e4 c5 2. Nf3 e6 3. d4 cxd4 4.
Nxd4 Nc6 5. Nc3 Qc7 6. a3 a6 7. g4 b5 8. Be3 Bb7 9. Bg2 Rc8 10.
Qd2 h5 11. g5 Nge7 12. f4 Nxd4 13. Qxd4 Nf5 14. exf5 Bxg2 15. Rg1 Bc6 16. fxe6 dxe6 17.
O-O-O Rd8 18. Qe5 Qxe5 19. fxe5 Rxd1+ 20. Rxd1 Be7 21. Na2 O-O 22. Nb4 Bxb4 23. axb4 Rc8 24. Bc5 Bd5 25. Kd2 Kh7 26. Kc3 Kg6 27. Ra1 Rc6 28. h4 Kf5 29. Kd4 Kg4 30. Rf1 Rc7 31. b3 Kxh4 32. c4 Bb7 33. Bd6 Rd7 34. Kc5 Kxg5 35.
Kb6 bxc4 36. bxc4 Be4 37. Kxa6 h4 38. Rg1+ Kf4 39. Rxg7 h3 40. Rg8 h2 41. Rh8 h1=Q 42.
Rxh1 Bxh1 43. c5 Rd8 44. b5 Kf5 45. c6 f6 46. c7 Ra8+ 47. Kb6 fxe5 48. Kc5 e4 49.
Kd4 e5+ 50. Bxe5 e3 51. Bg3 Kg4 52. Be1 Re8 53. b6 Bb7 54. Kd3 Kf3 55. Bh4 Re6 56. Kc2 Rxb6 57. Kd3 Rc6 0-1

[Event "Late-Titled-Tuesday-Blitz-March-26-2024"]
[Site "Chess.com"]
[Date "2024.03.26"]
[Round "6"]
[White "KetiTsatsalashvili"]
[Black "GlavkonVVS"]
[Result "0-1"]
[WhiteElo "2455"]
[BlackElo "2652"]
[TimeControl "180+1"]
[EndTime "15:08:21 PDT"]
[Termination "GlavkonVVS won on time"]

1. d4 Nf6 2. Nf3 c5 3. d5 e6 4.
c4 exd5 5. cxd5 d6 6. Nc3 g6 7. e4 Bg7 8. Bd3 O-O 9. O-O Bg4 10.
h3 Bxf3 11. Qxf3 Nbd7 12. Bf4 Ne8 13. Qd1 a6 14. a4 Ne5 15. Be2 Rb8 16. Bg3 Nc7 17.
f4 Nd7 18. a5 b5 19. axb6 Rxb6 20. Qd2 Re8 21. Bf3 c4 22. e5 dxe5 23. d6 Nb5 24. Nxb5 axb5 25. Ra8 Nb8 26. d7 Re7 27. Bh4 f6 28. Rd1 exf4 29. Bf2 Bf8 30. Qa5 Re3 31. Bxe3 fxe3 32. Qc3 Rd6 33. Qxe3 Rxd1+ 34. Bxd1 Qxd7 35. Bf3 Qc7 36. Bd5+ Kg7 37. Kh1 Bc5 38. Qe8 Bd6 39. Qg8+ Kh6 40. Qe6 Be5 41. Qe8 Nd7 42. Rc8 Qd6 43. Rd8 Qxd5 44. Rxd7 Qe4 45. Qf8+ Kg5 46. Rd1 Qe2 47. Rf1 Qxb2 48. Qc5 Qd4 49. Qxb5 c3 50. Qe2 h5 51. Qf3 Kh6 52. Qe2 Qc5 53. Qc2 Qd4 54.
Qc1+ g5 55. Qc2 g4 56. hxg4 Qxg4 57. Qd3 Qh4+ 58. Qh3 Qg5 59. Rd1 c2 0-1

[Event "Late-Titled-Tuesday-Blitz-March-26-2024"]
[Site "Chess.com"]
[Date "2024.03.26"]
[Round "6"]
[White "Sanan_Sjugirov"]
[Black "DanielDardha2005"]
[Result "1/2-1/2"]
[WhiteElo "3001"]
[BlackElo "2868"]
[TimeControl "180+1"]
[EndTime "15:08:22 PDT"]
[Termination "Game drawn - insufficient material"]

1. d4 Nf6 2. c4 e6 3. Nf3 h6 4. a3 c5 5. d5 d6 6. Nc3 exd5 7.
cxd5 g6 8. Bf4 Bg7 9. e3 O-O 10. h3 a6 11. a4 Re8 12. Nd2 Nh5 13. Bh2 Nd7 14. Be2 Ne5 15. O-O Qh4 16. Nde4 Bxh3 17. gxh3 Qxh3 18. Ng3 Nf6 19. f3 h5 20. Rf2 Bh6 21.
Bf1 Qh4 22. Qe2 Neg4 23. fxg4 Rxe3 24. Qc2 Nxg4 25. Nge4 Nxf2 26. Qxf2 Rxe4 27. Nxe4 Qxe4 28. Re1 Qxd5 29. Bg2 Qb3 30. Bxd6 Bg7 31. Be5 Bxe5 32. Rxe5 Qd1+ 33. Re1 Qxa4 34. Bxb7 Rb8 35. Bd5 Qg4+ 36.
Kh2 Rf8 37. Re7 Qd4 38. Bxf7+ Kg7 39. Bc4+ Kh6 40. Qxd4 cxd4 41. Re2 Rd8 42. Bxa6 Rd6 43. Bd3 g5 44. Re7 g4 45. Kg3 Kg5 46. Re5+ Kf6 47. Rxh5 Kg7 48. Rg5+ Kf6 49. Rg6+ Ke5 50. Rxd6 Kxd6 51.
b3 Kc5 52. Kf4 Kb4 53. Bc4 d3 54. Ke3 g3 55. Bd5 g2 56. Bxg2 Kxb3 57. Kd2 Kb4 58. Bf1 Kc5 59. Bxd3 1/2-1/2

[Event "Late-Titled-Tuesday-Blitz-March-26-2024"]
[Site "Chess.com"]
[Date "2024.03.26"]
[Round "6"]
[White "emeli_chess"]
[Black "Vahe_Danielyan"]
[Result "1/2-1/2"]
[WhiteElo "2433"]
[BlackElo "2597"]
[TimeControl "180+1"]
[EndTime "15:08:22 PDT"]
[Termination "Game drawn by stalemate"]

1. d4 Nf6 2. c4 c5 3. d5 b5 4. cxb5 a6 5. b6 g6 6. Nc3 Bg7 7. a4 Qxb6 8. a5 Qc7 9. e4 O-O 10. Nf3 d6 11. Be2 Bg4 12. O-O Nbd7 13. h3 Bxf3 14.
Bxf3 Rab8 15. Be2 Rb4 16. Re1 Nxe4 17. Nxe4 Rxe4 18. Bxa6 Rxe1+ 19. Qxe1 Ne5 20. Bd2 c4 21. Bc3 Ra8 22. Bb5 Qc5 23. Bc6 Nd3 24. Qe3 Qxe3 25. fxe3 Ra7 26. a6 Nxb2 27. Bxg7 Kxg7 28. Bb7 c3 29. Ra3 c2 30. Rc3 Na4 31. Rxc2 Nc5 32. Rxc5 dxc5 33. e4 Kf6 34. Kf2 Ke5 35. Ke3 c4 36. h4 h5 37. g3 f6 38. Bc8 Rc7 39. Bb7 c3 40. Bc6 c2 41. Kd2 Ra7 42. Bb7 Kd6 43. Kxc2 Kc7 44. Kc3 Rxb7 45. axb7 Kxb7 46. Kd4 Kc7 47. e5 Kd7 48. exf6 exf6 49. Kc5 Kc7 50. d6+ Kd7 51. Kd5 g5 52. Kc5 gxh4 53. gxh4 f5 54. Kd5 f4 55. Ke4 Kxd6 56. Kxf4 Ke7 57.
Kg5 Kf8 58. Kxh5 Kg8 59. Kg6 Kh8 60. h5 Kg8 61. h6 Kh8 62. h7 1/2-1/2

[Event "Late-Titled-Tuesday-Blitz-March-26-2024"]
[Site "Chess.com"]
[Date "2024.03.26"]
[Round "6"]
[White "sacrifoice"]
[Black "sorch29"]
[Result "0-1"]
[WhiteElo "2232"]
[BlackElo "2451"]
[TimeControl "180+1"]
[EndTime "15:08:22 PDT"]
[Termination "sorch29 won by resignation"]

1. e4 c5 2. Nf3 Nc6 3. Bb5 g6 4.
Bxc6 bxc6 5. e5 Bg7 6. O-O f6 7. Re1 fxe5 8. Nxe5 Nf6 9. Nc3 O-O 10. d3 Qc7 11.
Bg5 d6 12. Nf3 e5 13. Ne4 Bg4 14. h3 Be6 15. Nxf6+ Bxf6 16. Bxf6 Rxf6 17. Ng5 Raf8 18. Nxe6 Rxe6 19. c3 Ref6 20. Re2 Qb6 21. Qd2 Kg7 22. Rd1 R8f7 23. Kh1 Qa6 24. a3 Qb6 25. f3 Rf4 26.
Re4 h6 27. Rde1 g5 28. Rxf4 Rxf4 29. Re4 Qd8 30. Rxf4 exf4 31. d4 Qe7 32. dxc5 dxc5 33. Kh2 Kf6 34. Qd3 Qe1 35. Qd6+ Kf5 36. Qxc5+ Kg6 37.
Qxc6+ Kh5 38. Qc5 Qg3+ 39. Kh1 Qe1+ 40. Qg1 Qd2 41. Qb1 Kh4 42. Kh2 Qf2 43. c4 h5 44.
b4 Qg3+ 45. Kh1 g4 46. fxg4 f3 47. Qf1 f2 48. gxh5 Qe3 49. h6 Qe1 50. g3+ Kxg3 0-1

[Event "Late-Titled-Tuesday-Blitz-March-26-2024"]
[Site "Chess.com"]
[Date "2024.03.26"]
[Round "6"]
[White "MPCandelario"]
[Black "HajiyevKanan"]
[Result "0-1"]
[WhiteElo "2664"]
[BlackElo "2553"]
[TimeControl "180+1"]
[EndTime "15:08:25 PDT"]
[Termination "HajiyevKanan won on time"]

1. e4 c6 2. d4 d5 3. e5 a6 4.
Nf3 Bg4 5. Nbd2 e6 6. h3 Bh5 7.
Be2 c5 8. c3 Nc6 9. O-O Qb6 10.
dxc5 Bxc5 11. b4 Bf8 12. a4 Nge7 13. a5 Qc7 14. Re1 Bxf3 15. Nxf3 Ng6 16. b5 Ncxe5 17. Nxe5 Nxe5 18. bxa6 bxa6 19. Bf4 Bd6 20. Bxe5 Bxe5 21. Qa4+ Qd7 22. Qa3 Bd6 23. Qa2 O-O 24. c4 d4 25.
Bd3 Bb4 26. Red1 Bc3 27. Rab1 Rfb8 28. Rb6 Rc8 29. Rdb1 g6 30. Be4 Ra7 31. Bd3 Kg7 32. g3 Rc5 33. Qb3 Bxa5 34. Rb8 Rc8 35. h4 h5 36.
Rxc8 Qxc8 37. Qa4 Bc3 38. Qb3 a5 39. Qa4 Rb7 40. Rb5 Rxb5 41. cxb5 Qc5 42. Be4 Qb6 43. Qb3 Qc5 44. Bd3 Bb4 45. Qa4 Qc3 46. Qd1 Kf8 47. b6 Qc6 48. b7 Qxb7 49. Qc1 Qb6 50. Qh6+ Ke7 51. Qg5+ Kf8 52. Qh6+ Kg8 53. Bxg6 fxg6 54. Qxg6+ Kf8 55. Qf6+ Ke8 56. Qh8+ Kd7 57. Qh7+ Be7 58. Qxh5 a4 59. Qd1 a3 60. Qa4+ Qc6 61. Qa7+ Ke8 62. Qb8+ Kf7 63. Qf4+ Bf6 64. Qb8 Qc1+ 65. Kh2 Qb2 66.
Qa7+ Be7 0-1

[Event "Late-Titled-Tuesday-Blitz-March-26-2024"]
[Site "Chess.com"]
[Date "2024.03.26"]
[Round "6"]
[White "Josetricks"]
[Black "N_Mullodzhanov"]
[Result "1-0"]
[WhiteElo "2705"]
[BlackElo "2547"]
[TimeControl "180+1"]
[EndTime "15:08:27 PDT"]
[Termination "Josetricks won by checkmate"]

1. d4 Nf6 2. Nc3 d5 3. Bf4 g6 4.
e3 Bg7 5. h4 O-O 6. h5 Nxh5 7.
Rxh5 gxh5 8. Qxh5 f5 9. Bd3 c6 10. Nf3 Qe8 11. Qh2 Na6 12. O-O-O Nb4 13. Rh1 Nxd3+ 14. cxd3 Qg6 15. Ne2 Kf7 16. Be5 Ke8 17. Nf4 Qf7 18. Qxh7 Bxe5 19. Nxe5 Qxh7 20. Rxh7 Kd8 21.
Nf7+ Kc7 22. Ng5 Re8 23. Rf7 Kb6 24. Kd2 a5 25. a4 Bd7 26. Kc3 Kc7 27. Nge6+ Bxe6 28. Nxe6+ Kd6 29. Ng7 Rf8 30. Nxf5+ Ke6 31. Rxf8 Rxf8 32.
g4 Rh8 33. f4 Rh3 34. b4 b6 35. bxa5 bxa5 36. Kd2 Kf6 37. e4 Rf3 38. g5+ Kf7 39. Nh6+ Kg6 40. Ng4 Rxf4 41. Ne5+ Kxg5 42. Nxc6 dxe4 43.
Nxe7 Rf2+ 44. Ke3 Ra2 45. dxe4 Ra3+ 46. Kd2 Kf4 47. e5 Ke4 48. Nc6 Rxa4 49. e6 Ra2+ 50. Kc3 Kd5 51. e7 Re2 52. Ne5 Rxe5 53. dxe5 a4 54. e8=Q a3 55. Qa4 Kxe5 56. Qxa3 Ke4 57. Qb4+ Kf3 58. Qd4 Ke2 59. Qd3+ Ke1 60. Qc2 Kf1 61.
Kd3 Kg1 62. Ke3 Kh1 63. Kf3 Kg1 64. Qg2# 1-0

[Event "Late-Titled-Tuesday-Blitz-March-26-2024"]
[Site "Chess.com"]
[Date "2024.03.26"]
[Round "6"]
[White "Alex_Banzea"]
[Black "Doublekk14"]
[Result "0-1"]
[WhiteElo "2521"]
[BlackElo "2415"]
[TimeControl "180+1"]
[EndTime "15:08:29 PDT"]
[Termination "Doublekk14 won by resignation"]

1. d4 Nf6 2. Nc3 d5 3. Bf4 a6 4. e3 e6 5. Nf3 Bd6 6. Bd3 Bxf4 7. exf4 c5 8. dxc5 Qc7 9. Ne2 Qxc5 10. O-O Nc6 11.
c3 Bd7 12. Ned4 Nxd4 13. Nxd4 O-O 14. Re1 b5 15. a3 a5 16. Rc1 Rfb8 17. b4 Qc7 18.
Qd2 axb4 19. axb4 Qd6 20. Nb3 Bc6 21. Nc5 Nd7 22. Nxd7 Bxd7 23. f5 exf5 24. Bc2 Re8 25. Bb3 Be6 26. Red1 Red8 27. g3 Ra3 28. Bc2 Ra2 29.
Qd3 Qc6 30. Bb3 Ra3 31. Qc2 Ra7 32. Qb2 Rc7 33. Qd2 Rcd7 34. Qd4 Qd6 35. h4 Qe7 36. Re1 Qf6 37. Qxf6 gxf6 38. Rcd1 Rc8 39. Re3 Rcd8 40. Red3 Kf8 41. f4 Ke7 42. Kf2 d4 43. Bxe6 fxe6 44.
Rxd4 Rxd4 45. Rxd4 Rxd4 46. cxd4 Kd6 47. Ke3 h5 48. Kd2 Kd5 49. Kd3 Kc6 50. Kc3 Kd6 51. Kc2 e5 52. dxe5+ fxe5 53. fxe5+ Kxe5 54. Kd3 Kd5 55. Ke3 Kc4 56. Kf4 Kxb4 57. Kxf5 Ka3 58. g4 b4 59. gxh5 b3 60. h6 b2 61. h7 b1=Q+ 62.
Kf6 Qxh7 63. Kg5 Kb4 0-1